 Dungeon Crawl Stone Soup version 0.28-a0-479-g5baa6b73be (webtiles) character file.

Game seed: 18236584501779026719

15 spiderkeys the Skirmisher (level 2, -1/31 HPs)
             Began as an Octopode Abyssal Knight on Sept 18, 2021.
             Was a Follower of Lugonu.
             Slain by a large abomination (13 damage)
             ... on level 1 of the Abyss.
             The game lasted 00:00:42 (193 turns).

spiderkeys the Skirmisher (Octopode Abyssal Knight)  Turns: 193, Time: 00:00:43

Health: -1/31      AC: 21    Str: 11    XL:     2   Next: 50%
Magic:  3/3        EV:  2    Int: 14    God:    Lugonu [*.....]
Gold:   0          SH:  0    Dex: 11    Spells: 1/1 levels left

rFire   . . .      SeeInvis .     - Unarmed
rCold   . . .      Faith    .   (no shield)
rNeg    + + +      Spirit   .   (helmet currently unavailable)
rPois   +          Reflect  .   (no amulet)
rElec   .          Harm     .   (no ring)
rCorr   .          Rampage  .   (no ring)
Will    .....      NoTele   +   (no ring)
Stlth   +.........              (no ring)
HPRegen 0.10/turn               (no ring)
MPRegen 0.08/turn               (no ring)
                                (no ring)
                                (no ring)

@: tree-form
A: stationary, stasis, torment immunity, boosted hp, almost no armour,
(amphibious), 8 rings, (camouflage 1), (gelatinous body 1), (nimble swimmer 1),
(tentacles)
a: Renounce Religion, Depart the Abyss


You were on level 1 of the Abyss.
You worshipped Lugonu.
Lugonu was aware of your devotion.
You were a tree.
You visited 0 branches of the dungeon, and saw 0 of its levels.
You visited the Abyss 1 time.


Innate Abilities, Weirdness & Mutations

You are a tree.
Your roots penetrate the ground, keeping you stationary.
You cannot be teleported.
You are immune to unholy pain and torment.
Your maximum health is greatly increased.
You cannot wear most types of armour.
((You are amphibious.))
You can wear up to eight rings at the same time.
((Your skin changes colour to match your surroundings (Stealth+).))
((Your rubbery body absorbs attacks. (AC +1, EV +1)))
((You are camouflaged near water. (Stealth+)))
((You have tentacles for arms and can constrict up to eight enemies at once.))


   Skills:
 + Level 3.2 Fighting
 + Level 2.6 Dodging
 + Level 2.2 Unarmed Combat
 + Level 2.3 Invocations


You had one spell level left.
You didn't know any spells.
Your spell library was empty.

Inventory:

Potions
 a - a potion of attraction {!q}

Dungeon Overview and Level Annotations

Branches:
Dungeon (0/15)

Altars:

..... .... . .. . ... .
≈ ≈ . . .....#.....#...
♣≈≈≈.
.###...###...###... ≈♣.
#.....#.....#...
≈≈≈....................
≈≈≈≈..[.................
≈≈.. . ..>............
≈≈≈.. .................
≈............♣.......
≈.. . .##...X..##.... .
.. #......# . ..
............. . .
........... .
...............
..............
#.....###..###


You could see a large abomination.


Message History

🤖 Initializing magus.rc ...
Options error: Delay interrupt name "hungry" not recognised. (~/.crawlrc:4988) ✅ Successfully initialized magus.rc [v1.9.10] Welcome, spiderkeys the Octopode Abyssal Knight.
It is said that the Orb of Zot exists deep within this dungeon.
Lugonu says: Depart the Abyss and spread corruption, my servant! (use the ability menu to exit the Abyss) Press ? for a list of commands and other information.
Found a corrupted altar of Lugonu.
There is a corrupted altar of Lugonu here.
a - a scroll labelled LEABRY TAXARGH
As you read the scroll labelled LEABRY TAXARGH, it crumbles to dust.
It is a scroll of enchant weapon.
You aren't carrying any weapons that can be enchanted.
There is a corrupted altar of Lugonu here.
a - 2 bubbling puce potions
There is a corrupted altar of Lugonu here.
A shadow imp comes into view.
It was a potion of attraction.
You feel attractive to monsters.
Found a gateway leading deeper into the Abyss.
The shadow imp is attracted toward you.
You tentacle-slap the shadow imp but do no damage.
You grab the shadow imp. You constrict the shadow imp.
The shadow imp hits you. 😕 HP[-1]
You take 1 damage, and now have 15/16 hp.
You tentacle-slap the shadow imp but do no damage.
You constrict the shadow imp, but do no damage.
The shadow imp closely misses you.
You tentacle-slap the shadow imp. You squeeze the shadow imp!
You kill the shadow imp!
You have reached level 2! 😕 HP[+5] MP[+1]
You now have 21 max hp (+5).
You regained 5 hp, and now have 20/21 hp.
Your mp is fully restored (3).
There is a gateway leading deeper into the Abyss here. 😎 HP[+1]
Your hp is fully restored (21).
You feel less attractive to monsters. The white imp closely misses you.
You closely miss the white imp. You grab the white imp.
You constrict the white imp, but do no damage.
The white imp barely misses you.
You tentacle-slap the white imp but do no damage.
You squeeze the white imp. You constrict the white imp. The white imp hits you.
The white imp freezes you. 😮 HP[-6]
You take 6 damage, and now have 15/21 hp.
MASSIVE DAMAGE!! (PAUSE)
You tentacle-slap the white imp. You squeeze the white imp.
You constrict the white imp, but do no damage.
The white imp gestures at you. The puff of frost hits you.
* * * LOW HITPOINT WARNING * * *
😨 HP[-6]
You take 6 damage, and now have 9/21 hp.
MASSIVE DAMAGE!! (PAUSE)
You barely miss the white imp. You constrict the white imp.
The white imp hits you.
* * * LOW HITPOINT WARNING * * *
The white imp freezes you.
* * * LOW HITPOINT WARNING * * *
😱 HP[-5]
You take 5 damage, and now have 4/21 hp.
MASSIVE DAMAGE!! (PAUSE)
You tentacle-slap the white imp but do no damage.
You constrict the white imp. The white imp closely misses you.
You tentacle-slap the white imp.
You kill the white imp! 😱 HP[+1]
Found a gateway leading deeper into the Abyss. 😨 HP[+1]
b - a grey potion It was a potion of lignification.
You turn into a tree.
Your roots penetrate the ground. 😨 HP[+3]
You now have 31 max hp (+10).
You regained 3 hp, and now have 9/31 hp. 😨 HP[+1] 😨 HP[+1]
You start resting.
A large abomination comes into view.
Unknown command.
You cannot move.
The large abomination hits you!
You die...

Action                   || total
-------------------------++-------
Melee: Unarmed           ||     9
       Tentacles         ||     3
       Constrict         ||     2
  Use: Potion            ||     2
       Scroll            ||     1
Dodge: Dodged            ||     4

Levels and vault maps discovered:
Abyss:1:  base: Temple, base:
Temple

Notes
Turn   | Place    | Note
-------+----------+-------------------------------------------
     0 | Abyss:1  | spiderkeys the Octopode Abyssal Knight began the quest for
                  | the Orb.
     0 | Abyss:1  | Reached XP level 1. HP: 16/16 MP: 2/2
     0 | Abyss:1  | magus.rc [v1.9.10]
   108 | Abyss:1  | Reached XP level 2. HP: 20/21 MP: 3/3
   137 | Abyss:1  | HP: 4/21 [white imp (2)]
   184 | Abyss:1  | Noticed a large abomination
   193 | Abyss:1  | Slain by a large abomination

Vanquished Creatures
  A shadow imp (Abyss:1)
  A white imp (Abyss:1)
2 creatures vanquished.

Table legend:
 A = Non-vault XP
 B = Vault XP
 C = Vault XP percentage of total XP
 D = Non-vault monster count
 E = Vault monster count
 F = Vault count percentage of total count
                 A         B        C        D         E       F
            +---------+---------+-------+---------+---------+-------
      Total |      22 |       0 |   0.0 |       2 |       0 |   0.0
            +---------+---------+-------+---------+---------+-------
    Abyss:1 |      22 |       0 |   0.0 |       2 |       0 |   0.0
            +---------+---------+-------+---------+---------+-------

Illustrated notes

Table legend:
 A = Kills in this place as a percentage of kills in entire the game.
 B = Kills by you in this place as a percentage of kills by you in the entire game.
 C = Kills by friends in this place as a percentage of kills by friends in the entire game.
 D = Other kills in this place as a percentage of other kills in the entire game.
 E = Experience gained in this place as a percentage of experience gained in the entire game.
 F = Experience gained in this place divided by the number of levels of this place that you have seen.
                   A       B       C       D       E      F
               +-------+-------+-------+-------+-------+----------------------
         Total | 100.0 | 100.0 |   N/A |   N/A | 100.0 |  22.0
         Abyss | 100.0 | 100.0 |   N/A |   N/A | 100.0 |  22.0
               +-------+-------+-------+-------+-------+----------------------

Table legend: (Time is in decaauts)
 A = Elapsed time spent in this place.
 B = Non-inter-level travel time spent in this place.
 C = Inter-level travel time spent in this place.
 D = Time resting spent in this place.
 E = Time spent auto-exploring this place.
 F = Levels seen in this place.
 G = Mean time per level.
                   A        B        C        D        E       F      G
               +--------+--------+--------+--------+--------+-----+--------+
         Total |    192 |    192 |      0 |      0 |     88 |   1 |  192.0 |
         Abyss |    192 |    192 |      0 |      0 |     88 |   1 |  192.0 |
               +--------+--------+--------+--------+--------+-----+--------+

Top non-repeatable levels by time:
 Abyss:1: 192 daAuts
